[Event "Titled Tuesday Blitz June 20 Late 2023"]
[White "Kramnik, Vladimir"]
[Black "Oro, Faustino"]
[WhiteFideId "4101588"]
[BlackFideId "20000197"]
[WhiteElo "2703"]
[BlackElo "1984"]
[Result "1/2-1/2"]
[Round "8"]
[TimeControl "180+2"]
[Date "2023.06.20"]
[WhiteClock "0:00:04"]
[BlackClock "0:00:08"]
[Board "16"]

1. e4 e5 2. Nf3 Nc6 3. Bc4 Bc5 4. O-O Nf6 5. d3 d6 6. c3 O-O 7. Re1 h6 8. a4 a6 9. Nbd2 Ba7 10. Nf1 Ne7 11. d4 Ng6 12. h3 Re8 13. Ng3 Be6 14. Bxe6 Rxe6 15. Be3 Qd7 16. dxe5 Nxe5 17. Nxe5 Rxe5 18. Bxa7 Rxa7 19. f4 Re8 20. e5 dxe5 21. fxe5 Nd5 22. c4 Nb6 23. b3 Qe6 24. Qd4 Raa8 25. Rad1 Re7 26. Qe4 Rb8 27. Nf5 Rd7 28. Qg4 Qg6 29. Qxg6 fxg6 30. Rxd7 Nxd7 31. Ne7+ Kf7 32. Nd5 Re8 33. Nxc7 Rxe5 34. Rxe5 Nxe5 35. Kf2 Nd3+ 36. Ke3 Nc5 37. b4 Nxa4 38. Kd4 Nb6 39. Kc5 Nc8 40. Nd5 Ke6 41. Nb6 Nd6 42. g4 Ne4+ 43. Kd4 Nf2 44. Na4 Kd6 45. Nc5 Kc6 46. Ne6 Nxh3 47. Ke3 Ng5 48. Nxg5 hxg5 49. Kd4 Kd6 50. c5+ Ke6 51. Ke4 Ke7 52. Ke5 Kd7 53. Kd5 Ke7 54. c6 bxc6+ 55. Kxc6 Kd8 56. Kb6 Kc8 57. Kxa6 Kc7 58. Kb5 Kb7 59. Kc5 Kc7 60. Kd5 Kb6 61. Ke6 Kb5 62. Kf7 Kxb4 63. Kxg6 Kc5 64. Kxg5 Kd6 65. Kg6 Ke5 66. Kxg7 Kf4 67. Kh7 Kxg4 1/2-1/2


[Site "https://www.chess.com"]

[Event "Titled Tuesday Blitz June 20 Late 2023"]
[White "Volkov, Maksim"]
[Black "Bluebaum, Matthias"]
[WhiteFideId "54123070"]
[BlackFideId "24651516"]
[WhiteElo "2295"]
[BlackElo "2639"]
[Result "1/2-1/2"]
[Round "8"]
[TimeControl "180+2"]
[Date "2023.06.20"]
[WhiteClock "0:00:02"]
[BlackClock "0:00:17"]
[Board "17"]

1. d4 d5 2. c4 e6 3. Nf3 Nf6 4. g3 Nc6 5. Bg2 Bd6 6. O-O O-O 7. Nbd2 a5 8. Re1 a4 9. e4 dxe4 10. Nxe4 Nxe4 11. Rxe4 h6 12. Bf4 f5 13. Re2 Bxf4 14. gxf4 Qd6 15. Qd2 a3 16. b3 Bd7 17. Rd1 Be8 18. Ne5 Bh5 19. Bf3 Bxf3 20. Nxf3 Rad8 21. Qe3 Rfe8 22. Red2 Qe7 23. Ne5 Qh4 24. Nxc6 bxc6 25. Qg3 Qh5 26. Kg2 Rd6 27. Qf3 Qf7 28. b4 Red8 29. Qxa3 Qg6+ 30. Qg3 Qh5 31. a4 e5 32. Kh1 Rg6 33. Qe3 exd4 34. Qd3 Qg4 35. f3 Qxf4 36. a5 c5 37. b5 Re8 38. Re2 Rge6 39. Rxe6 Rxe6 40. a6 Re3 41. Qf1 Ra3 42. Rd3 Ra2 43. Qg1 Qe5 44. Rd1 Qe2 45. Rf1 Qxc4 46. Ra1 Qd5 47. Qf1 Qb3 48. a7 Qa4 49. a8=Q+ Qxa8 50. Qc4+ Kh7 51. Qxa2 Qxf3+ 52. Qg2 Qc3 53. Rg1 d3 54. Qg6+ Kh8 55. Qe8+ Kh7 56. Qg6+ Kh8 57. Qxf5 c4 58. Qf8+ Kh7 59. Qf5+ Kh8 60. Qc8+ Kh7 61. Qf5+ Kh8 1/2-1/2


[Site "https://www.chess.com"]

[Event "Titled Tuesday Blitz June 20 Late 2023"]
[White "Sadhwani, Raunak"]
[Black "Salimova, Nurgyul"]
[WhiteFideId "35093487"]
[BlackFideId "2915138"]
[WhiteElo "2631"]
[BlackElo "2343"]
[Result "1-0"]
[Round "8"]
[TimeControl "180+2"]
[Date "2023.06.20"]
[WhiteClock "0:00:07"]
[BlackClock "0:00:00"]
[Board "18"]

1. e4 e5 2. Nf3 Nc6 3. Bc4 Nf6 4. d3 Bc5 5. c3 O-O 6. O-O d5 7. exd5 Nxd5 8. a4 a5 9. h3 Nb6 10. Bb5 Bd6 11. Re1 Re8 12. Nbd2 Bf5 13. Ne4 Bg6 14. Ng3 f5 15. Bg5 Qd7 16. Nh4 f4 17. Nxg6 fxg3 18. Qb3+ Qe6 19. Qxe6+ Rxe6 20. Nh4 gxf2+ 21. Kxf2 e4 22. Rxe4 Rxe4 23. dxe4 Bc5+ 24. Be3 Bxe3+ 25. Kxe3 Ne5 26. b3 c6 27. Be2 Ned7 28. Nf5 Nc5 29. Nd6 Rd8 30. e5 Nd5+ 31. Kf2 Nd7 32. Nxb7 Rf8+ 33. Kg1 Nxe5 34. Nxa5 Nxc3 35. Bc4+ Nxc4 36. Nxc4 Ne2+ 37. Kh2 Nd4 38. Rb1 Rb8 39. b4 Nc2 40. b5 cxb5 41. Rxb5 Ra8 42. a5 Nd4 43. Rb6 h5 44. a6 h4 45. Ne5 Nf5 46. Nc6 Kh7 47. a7 Re8 48. Rb4 g5 49. Rb1 Ng3 50. Nb8 Re2 51. a8=Q Kg6 52. Qb7 Re6 53. Qb3 Rf6 54. Qd3+ 1-0


[Site "https://www.chess.com"]

[Event "Titled Tuesday Blitz June 20 Late 2023"]
[White "Andreikin, Dmitry"]
[Black "Fiorito, Joaquin"]
[WhiteFideId "4158814"]
[BlackFideId "180173"]
[WhiteElo "2736"]
[BlackElo "2199"]
[Result "0-1"]
[Round "8"]
[TimeControl "180+2"]
[Date "2023.06.20"]
[WhiteClock "0:00:02"]
[BlackClock "0:00:21"]
[Board "19"]

1. e4 c6 2. d4 d5 3. exd5 cxd5 4. Bd3 Nc6 5. c3 Nf6 6. Bf4 Bg4 7. Qb3 Qd7 8. Nd2 e6 9. Ngf3 Bd6 10. Bg3 O-O 11. O-O Bxg3 12. fxg3 Qc7 13. Rae1 Rab8 14. Ne5 Nxe5 15. Rxe5 Nd7 16. Rg5 f5 17. Re1 Qd8 18. h4 Qf6 19. Qa4 Rbd8 20. Qxa7 h6 21. Rxg4 fxg4 22. Rf1 Qe7 23. Qxb7 Rb8 24. Rxf8+ Kxf8 25. Qc7 Rxb2 26. Bg6 Qf6 27. Qxd7 Qxg6 28. Qd8+ Kf7 29. Qc7+ Kg8 30. Qf4 Qd3 31. Nf1 Qe2 32. Ne3 Rb1+ 33. Nf1 Ra1 34. h5 Rxa2 35. Ne3 Ra1+ 36. Nf1 Re1 37. Qb8+ Kh7 38. Qf4 Qe4 39. Qxe4+ dxe4 40. Kf2 Rc1 41. Nd2 Rc2 42. Ke3 Rxc3+ 43. Kxe4 Rxg3 44. Kf4 Rxg2 45. Ne4 Kg8 46. Ng3 Kf7 47. Kxg4 Kf6 48. Kf4 Rxg3 49. Kxg3 Kg5 50. Kf3 Kxh5 51. Kf4 Kg6 52. Ke5 Kf7 0-1


[Site "https://www.chess.com"]

[Event "Titled Tuesday Blitz June 20 Late 2023"]
[White "Indjic, Aleksandar"]
[Black "Korchmar, Vasiliy"]
[WhiteFideId "911925"]
[BlackFideId "24131750"]
[WhiteElo "2614"]
[BlackElo "2370"]
[Result "1-0"]
[Round "8"]
[TimeControl "180+2"]
[Date "2023.06.20"]
[WhiteClock "0:00:13"]
[BlackClock "0:00:00"]
[Board "20"]

1. d4 d5 2. c4 c6 3. Nc3 Nf6 4. Nf3 e6 5. Bg5 Nbd7 6. e3 Be7 7. Qc2 O-O 8. h4 c5 9. O-O-O dxc4 10. dxc5 Qa5 11. Bxc4 Nxc5 12. Kb1 b5 13. Bxb5 Rb8 14. Nd4 Bb7 15. f3 Rfc8 16. Ka1 Ba6 17. Nc6 Rxc6 18. Bxc6 Bc4 19. Rd4 Nb3+ 20. Kb1 Nxd4 21. exd4 Bb4 22. Kc1 Qa6 23. Be4 Nxe4 24. fxe4 Bd3 25. Qb3 Bc4 26. Qc2 Bxa2 27. Kd2 Qc4 28. Ke3 Bb3 29. Qd3 Qc7 30. Kf3 Bc4 31. Qe3 Bd6 32. Bf4 Rxb2 33. Bxd6 Qxd6 34. Rc1 Rb3 35. Qf4 Qb4 36. Qe3 a5 37. Kg3 h6 38. Kh2 a4 39. Qe1 a3 40. d5 a2 41. Nxa2 Qd6+ 42. Kh1 exd5 43. e5 Qa6 44. Nc3 Qa5 45. e6 fxe6 46. Qxe6+ Kh8 47. Qc8+ Kh7 48. Re1 Qxc3 49. Qf5+ g6 50. Re7+ Qg7 51. Qf6 Rb1+ 52. Kh2 Qxe7 53. Qxe7+ Kg8 54. Qf6 Kh7 55. Qf7+ Kh8 56. Qxg6 1-0


[Site "https://www.chess.com"]

[Event "Titled Tuesday Blitz June 20 Late 2023"]
[White "Kakabayev, Mergen"]
[Black "Eljanov, Pavel"]
[WhiteFideId "14002990"]
[BlackFideId "14102951"]
[WhiteElo "2240"]
[BlackElo "2598"]
[Result "0-1"]
[Round "8"]
[TimeControl "180+2"]
[Date "2023.06.20"]
[WhiteClock "0:01:18"]
[BlackClock "0:01:57"]
[Board "21"]

1. e4 c6 2. d4 d5 3. e5 Bf5 4. h4 h5 5. Bd3 Bxd3 6. Qxd3 Qa5+ 7. Nd2 e6 8. Nf3 Nh6 9. O-O Nf5 10. c4 Be7 11. g3 O-O 12. b3 Rd8 13. c5 b6 14. cxb6 axb6 15. Bb2 c5 16. a4 Nc6 17. Rfc1 Rac8 18. Nf1 cxd4 19. Qb5 Qxb5 20. axb5 Na5 21. Nxd4 Nxd4 22. Bxd4 Nxb3 23. Rxc8 Rxc8 24. Rd1 Nxd4 25. Rxd4 Rc2 26. Ne3 Rb2 27. Ra4 Bc5 0-1


[Site "https://www.chess.com"]

[Event "Titled Tuesday Blitz June 20 Late 2023"]
[White "Henriquez Villagra, Cristobal"]
[Black "Spata, German"]
[WhiteFideId "3409350"]
[BlackFideId "113026"]
[WhiteElo "2542"]
[BlackElo "2260"]
[Result "1-0"]
[Round "8"]
[TimeControl "180+2"]
[Date "2023.06.20"]
[WhiteClock "0:00:32"]
[BlackClock "0:00:08"]
[Board "22"]

1. e4 e6 2. d3 c5 3. Nd2 Nc6 4. c3 g6 5. h4 h6 6. h5 g5 7. g3 Bg7 8. f4 d5 9. Qe2 d4 10. c4 Nb4 11. Ndf3 gxf4 12. gxf4 Nf6 13. a3 Qa5 14. Kf2 Ng4+ 15. Kg3 Ne3 16. Bd2 Qa4 17. b3 Qa6 18. Bh3 Rg8 19. Kh2 Nbc2 20. Ra2 Qd6 21. e5 Qe7 22. Qf2 f6 23. Bc1 fxe5 24. Rxc2 Nxc2 25. Qxc2 exf4 26. Bxf4 e5 27. Bg3 Bxh3 28. Nxh3 O-O-O 29. Qe2 Rde8 30. Qe4 Rgf8 31. Nh4 Qd7 32. Ng6 Rf5 33. Nh4 Rxh5 34. Qg6 Rxh4 35. Bxh4 e4 36. dxe4 Be5+ 37. Bg3 Bxg3+ 38. Qxg3 Rxe4 39. Rf1 Re2+ 40. Kg1 Re3 41. Rf8+ Re8 42. Qg8 Kd8 43. Nf4 Rxf8 44. Qxf8+ Qe8 45. Ne6+ Kd7 46. Nxc5+ Kd8 47. Nxb7+ Kd7 48. Nc5+ Kd8 49. Ne6+ Kd7 50. Qxe8+ Kxe8 51. Nxd4 Kd7 52. b4 Kd6 53. c5+ Kd5 54. Kf2 a5 55. c6 Kd6 56. b5 1-0


[Site "https://www.chess.com"]

[Event "Titled Tuesday Blitz June 20 Late 2023"]
[White "Tari, Aryan"]
[Black "Seemann, Jakub"]
[WhiteFideId "1510045"]
[BlackFideId "21874697"]
[WhiteElo "2586"]
[BlackElo "2364"]
[Result "1-0"]
[Round "8"]
[TimeControl "180+2"]
[Date "2023.06.20"]
[WhiteClock "0:00:28"]
[BlackClock "0:00:31"]
[Board "23"]

1. e4 c6 2. d4 d5 3. exd5 cxd5 4. Nf3 Nc6 5. Ne5 Nf6 6. Bb5 Bd7 7. Nxd7 Qxd7 8. c3 e6 9. O-O Bd6 10. Re1 O-O 11. Nd2 a6 12. Bd3 b5 13. Nf3 Qc7 14. Qe2 b4 15. Bg5 bxc3 16. bxc3 Nd7 17. Bxa6 Qa5 18. Bb7 Rac8 19. Bxc8 Rxc8 20. Bd2 Qa4 21. Reb1 Na5 22. Qb5 Qxb5 23. Rxb5 Nc4 24. a4 Nb8 25. a5 Na6 26. Be3 Bc7 27. Nd2 Nd6 28. Rbb1 Ra8 29. Bf4 Kf8 30. Rb6 Ke7 31. Bxd6+ Bxd6 32. c4 Bb4 33. Rb7+ Kf6 34. Nf3 dxc4 35. Ne5 c3 36. Rxf7+ Kg5 37. Rxg7+ Kf4 38. Re1 c2 39. Rf7+ Kg5 40. f4+ Kh6 41. g4 Rh8 42. Rc1 Bd2 43. Rxc2 Be3+ 44. Kg2 Bxd4 45. Rc6 1-0


[Site "https://www.chess.com"]

[Event "Titled Tuesday Blitz June 20 Late 2023"]
[White "Koellner, Ruben Gideon"]
[Black "Sanal, Vahap"]
[WhiteFideId "12993093"]
[BlackFideId "6300545"]
[WhiteElo "2314"]
[BlackElo "2606"]
[Result "0-1"]
[Round "8"]
[TimeControl "180+2"]
[Date "2023.06.20"]
[WhiteClock "0:00:00"]
[BlackClock "0:00:23"]
[Board "24"]

1. d4 d5 2. Nf3 Nf6 3. Nbd2 Bf5 4. e3 e6 5. Ne5 Nbd7 6. g4 Bg6 7. h4 h6 8. Nxg6 fxg6 9. Bd3 Kf7 10. Qf3 Be7 11. g5 hxg5 12. hxg5 Rxh1+ 13. Qxh1 Ne8 14. Qf3+ Kg8 15. Bxg6 Nd6 16. Qh3 Nf8 17. Bd3 Bxg5 18. Nf3 Bh6 19. Bd2 b6 20. O-O-O c5 21. c3 cxd4 22. exd4 Bxd2+ 23. Kxd2 Qf6 24. Ke2 Nf7 25. Qg3 Nd7 26. Bg6 Nh8 27. Bd3 Nf7 28. Bb5 Rd8 29. Rg1 Nf8 30. Ne5 Nxe5 31. dxe5 Qh6 32. Bd3 Nd7 33. Qg5 Qxg5 34. Rxg5 Nc5 35. Bg6 Na4 36. f4 Nxb2 37. f5 exf5 38. Rxf5 Rd7 0-1


[Site "https://www.chess.com"]

[Event "Titled Tuesday Blitz June 20 Late 2023"]
[White "Holt, Conrad"]
[Black "Schnaider, Ilan"]
[WhiteFideId "2034387"]
[BlackFideId "169013"]
[WhiteElo "2592"]
[BlackElo "2224"]
[Result "1-0"]
[Round "8"]
[TimeControl "180+2"]
[Date "2023.06.20"]
[WhiteClock "0:00:16"]
[BlackClock "0:00:02"]
[Board "25"]

1. d4 Nf6 2. c4 g6 3. Nc3 d5 4. e3 Bg7 5. Qb3 c6 6. Nf3 O-O 7. Be2 Qb6 8. O-O Bf5 9. Bd2 e6 10. Qxb6 axb6 11. Nh4 Nbd7 12. cxd5 exd5 13. Nxf5 gxf5 14. f3 Rfe8 15. Bd3 Bh6 16. Rfe1 c5 17. Nb5 f4 18. exf4 Rxe1+ 19. Bxe1 Bxf4 20. Bg3 Be3+ 21. Bf2 cxd4 22. Nxd4 Bxf2+ 23. Kxf2 Nc5 24. Bb5 Ne8 25. Bxe8 Rxe8 26. Rd1 Ra8 27. a3 Ra4 28. Nf5 f6 29. Rxd5 Rc4 30. Ne3 Rc1 31. b4 Na4 32. Rd7 Ra1 33. Nd5 Rxa3 34. Nxf6+ Kf8 35. Nxh7+ Ke8 36. Nf6+ Kf8 37. g4 Nc3 38. g5 Nd1+ 39. Rxd1 b5 40. Rd7 b6 41. Nh7+ Ke8 42. Rb7 Rb3 43. g6 Rb2+ 44. Kg3 Rb1 45. Nf6+ Kd8 46. g7 Rg1+ 47. Kf2 Kc8 48. Kxg1 Kxb7 49. g8=Q Ka6 50. Qa8# 1-0


[Site "https://www.chess.com"]

[Event "Titled Tuesday Blitz June 20 Late 2023"]
[White "ATM622"]
[Black "Elsa167"]
[WhiteElo "2651"]
[BlackElo "2824"]
[Result "0-1"]
[Round "8"]
[TimeControl "180+2"]
[Date "2023.06.20"]
[WhiteClock "0:01:15"]
[BlackClock "0:00:44"]
[Board "26"]

1. d4 e6 2. c4 d5 3. Nf3 Nf6 4. Nbd2 c5 5. g3 cxd4 6. Nxd4 e5 7. N4f3 e4 8. Nd4 dxc4 9. Nxc4 Bb4+ 10. Bd2 Qxd4 11. Bxb4 Qxc4 12. Qd6 Nc6 13. Ba3 Qd5 14. Qc7 Qa5+ 15. Qxa5 Nxa5 16. Rc1 Be6 17. Rc7 Nd5 18. Rc5 b6 19. Rc1 Rc8 20. Rxc8+ Bxc8 21. Bg2 f5 22. O-O Be6 23. Rc1 Kd7 24. f3 exf3 25. Bxf3 Rd8 26. b3 Nc6 27. e4 Nd4 28. Kf2 Nxf3 29. Kxf3 fxe4+ 30. Kxe4 Nf6+ 31. Ke5 Ng4+ 32. Kf4 Ke8 33. Rc7 Rd7 34. Rc8+ Kf7 35. h3 Rd4+ 36. Kf3 Bxc8 0-1


[Site "https://www.chess.com"]

[Event "Titled Tuesday Blitz June 20 Late 2023"]
[White "Bryakin, Mikhail"]
[Black "De La Villa Garcia, Jesus Maria"]
[WhiteFideId "4165314"]
[BlackFideId "2200040"]
[WhiteElo "2464"]
[BlackElo "2586"]
[Result "1-0"]
[Round "8"]
[TimeControl "180+2"]
[Date "2023.06.20"]
[WhiteClock "0:00:56"]
[BlackClock "0:00:57"]
[Board "27"]

1. e4 c6 2. d4 d5 3. e5 Bf5 4. h4 h6 5. g4 Be4 6. f3 Bh7 7. Bd3 Bxd3 8. Qxd3 e6 9. h5 c5 10. f4 Nc6 11. Nf3 cxd4 12. a3 a5 13. Nxd4 Bc5 14. Nf3 Nge7 15. Nc3 Qd7 16. Nb5 O-O 17. g5 Nf5 18. Bd2 Rfc8 19. Rh3 Nce7 20. a4 Bb4 21. c3 Bc5 22. O-O-O d4 23. c4 Bb6 24. Kb1 Nc6 25. Rg1 Kh8 26. Nh4 Nce7 27. Nf3 Rg8 28. b3 Rad8 29. Nh2 Qc6 30. Ng4 Ne3 31. Nd6 N7f5 32. Nxf7+ 1-0


[Site "https://www.chess.com"]

[Event "Titled Tuesday Blitz June 20 Late 2023"]
[White "Ismagilov, Damir"]
[Black "Fodor, Tamas Jr."]
[WhiteFideId "34199982"]
[BlackFideId "723762"]
[WhiteElo "2104"]
[BlackElo "2504"]
[Result "0-1"]
[Round "8"]
[TimeControl "180+2"]
[Date "2023.06.20"]
[WhiteClock "0:00:00"]
[BlackClock "0:00:42"]
[Board "28"]

1. d4 d5 2. Bf4 c5 3. e3 Nc6 4. c3 Qb6 5. Qb3 c4 6. Qc2 g6 7. e4 dxe4 8. Nd2 Bf5 9. Nxc4 Qd8 10. Ne3 Bg7 11. Bb5 Nf6 12. Ne2 O-O 13. Nxf5 gxf5 14. Ng3 e6 15. Bxc6 bxc6 16. Be5 Nd5 17. Bxg7 Kxg7 18. O-O Qh4 19. Qd1 Nf6 20. f3 e3 21. Qd3 f4 22. Ne4 Rab8 23. g3 Qh3 24. Nxf6 Rxb2 25. Qxh7+ Qxh7 26. Nxh7 Rh8 27. Rfb1 Rd2 28. Rd1 Rxd1+ 29. Rxd1 Kxh7 30. gxf4 Rb8 31. Re1 Rb2 32. Rxe3 Rxa2 33. f5 exf5 34. Re7 Kg6 35. Rc7 a5 36. Rxc6+ Kg5 37. d5 Kf4 38. d6 Kxf3 39. h4 Kg3 40. Kf1 f4 41. Rc8 Rd2 42. Rd8 f3 43. Ke1 Rd5 44. Rg8+ Kf4 45. Rd8 a4 46. c4 Re5+ 47. Kf1 a3 48. d7 Re7 49. c5 a2 50. Ra8 Rxd7 51. Rxa2 Kg3 52. Ra1 Rd2 53. c6 Rc2 54. h5 Rh2 55. Ke1 Rh1+ 56. Kd2 Rxa1 57. c7 Ra8 58. h6 f2 59. h7 f1=Q 60. c8=Q Rxc8 61. h8=Q Rxh8 0-1


[Site "https://www.chess.com"]

[Event "Titled Tuesday Blitz June 20 Late 2023"]
[White "Santos Ruiz, Miguel"]
[Black "Keleberda, Tymur"]
[WhiteFideId "22291482"]
[BlackFideId "14174294"]
[WhiteElo "2499"]
[BlackElo "2198"]
[Result "0-1"]
[Round "8"]
[TimeControl "180+2"]
[Date "2023.06.20"]
[WhiteClock "0:00:01"]
[BlackClock "0:00:43"]
[Board "29"]

1. e4 c5 2. Nf3 d6 3. c3 Nf6 4. h3 Nc6 5. Bd3 d5 6. e5 Nd7 7. Bb5 Qb6 8. Qe2 a6 9. Bxc6 Qxc6 10. O-O e6 11. d4 a5 12. Re1 b6 13. Bg5 Ba6 14. Qd1 h6 15. Bh4 Qb5 16. Qd2 Qd3 17. Qc1 g5 18. Bg3 Qg6 19. Na3 Be7 20. c4 Bb7 21. Nb5 O-O 22. Nd6 Bc6 23. cxd5 Bxd5 24. Qe3 h5 25. Rad1 h4 26. Bh2 Rad8 27. dxc5 Nxc5 28. Rd4 f5 29. Rxd5 exd5 30. Nd4 f4 31. Qf3 Nd3 32. Qxd5+ Kh8 33. Nc6 Nxe1 34. Nxe7 Qb1 35. Kf1 Nd3+ 36. Ke2 Qc2+ 37. Kf3 Qd1+ 38. Ke4 Nc5+ 39. Qxc5 bxc5 40. Nd5 Qd4+ 41. Kf3 Qxd5+ 0-1


[Site "https://www.chess.com"]

[Event "Titled Tuesday Blitz June 20 Late 2023"]
[White "Przybylski, Wojciech"]
[Black "Mahdavi, Reza"]
[WhiteFideId "1117599"]
[BlackFideId "12595926"]
[WhiteElo "2228"]
[BlackElo "2395"]
[Result "1-0"]
[Round "8"]
[TimeControl "180+2"]
[Date "2023.06.20"]
[WhiteClock "0:00:06"]
[BlackClock "0:00:07"]
[Board "30"]

1. d4 Nf6 2. Nf3 e6 3. g3 b5 4. Nbd2 Bb7 5. a4 b4 6. Bg2 c5 7. c3 cxd4 8. cxd4 Be7 9. O-O O-O 10. a5 Na6 11. Re1 d5 12. Ne5 Rc8 13. Nb3 Nd7 14. Nd3 Nc7 15. Bd2 Nb5 16. Bxb4 Bxb4 17. Nxb4 Rc4 18. a6 Rxb4 19. axb7 Qb6 20. Na5 Rxd4 21. Qc2 Nd6 22. Qc6 Ne5 23. Qc3 Rb4 24. Qxe5 Nxb7 25. Nxb7 Qxb7 26. h4 Rxb2 27. Rxa7 Qxa7 28. Qxb2 Rb8 29. Qe5 h6 30. h5 Rb4 31. e3 Qa5 32. Ra1 Qd8 33. Bf3 Rc4 34. Qb2 Kh7 35. Qb1+ Kg8 36. Qd3 Rc8 37. Kg2 Qf6 38. Qd4 Qxd4 39. exd4 Rc4 40. Rd1 f6 41. Rd2 Kf7 42. Be2 Rb4 43. Bd3 Ke7 44. Be2 Kd6 45. Bf3 Ra4 46. Kf1 Rb4 47. Ke2 Ra4 48. Bg2 Rb4 49. Bh3 Ra4 50. Ke3 Ra3+ 51. Rd3 Ra1 52. Rb3 f5 53. Bg2 Ke7 54. Bf3 Kf6 55. Rb6 Ra3+ 56. Ke2 Ra5 57. Kf1 Kf7 58. Rb4 Kf6 59. Be2 Ra2 60. Bb5 Ra1+ 61. Kg2 Rd1 62. Bd7 Ke7 63. Bc8 Rc1 64. Bb7 Kf6 65. Ba6 Rd1 66. Be2 Rd2 67. Kf3 Rc2 68. Ke3 Rc3+ 69. Kd2 Ra3 70. Rb2 Ra4 71. Ke3 Ra3+ 72. Bd3 Kg5 73. Rb6 Kf6 74. Rb8 Kg5 75. Rf8 Ra7 76. Re8 Kf6 77. Be2 Ra3+ 78. Kd2 Kf7 79. Rb8 Ra2+ 80. Ke3 Kf6 81. Bd3 Ra3 82. Rb6 Ra7 83. f3 Ra3 84. Rc6 Rb3 85. Ra6 Rc3 86. g4 f4+ 87. Kd2 Rb3 88. Ra2 Rb6 89. Ra5 Rb2+ 90. Bc2 Rb4 91. Kc3 Rc4+ 92. Kd3 Rb4 93. Ra6 Rb2 94. Kc3 Rb8 95. Bb3 Rc8+ 96. Kd3 Ke7 97. Ra7+ Kf6 98. Ba4 Rc1 99. Ra6 Re1 100. Bd7 Re3+ 101. Kd2 Ke7 102. Bc8 Kf7 103. Rb6 Ke7 104. Rc6 Kf6 105. Rc3 Rxc3 106. Kxc3 Ke7 107. Kd3 Kd6 108. Bb7 Ke7 109. Bc8 Kd6 110. Kc3 Ke7 111. Kb4 Kd6 112. Bb7 Kc7 113. Ba8 Kb6 114. Ka4 Kc7 115. Kb5 Kd6 116. Bb7 Kc7 117. Bc6 Kd6 118. Kb6 e5 119. dxe5+ Kxe5 120. Kc5 d4 121. Bb5 d3 122. Bxd3 Kf6 123. Be4 Kg5 124. Kd5 Kh4 125. Ke5 Kg3 126. Kf5 g5 127. Kg6 1-0


[Site "https://www.chess.com"]

[Event "Titled Tuesday Blitz June 20 Late 2023"]
[White "Lin, Dachey"]
[Black "Pinero Rodriguez, Carlos Jose"]
[WhiteFideId "2029650"]
[BlackFideId "3901726"]
[WhiteElo "2313"]
[BlackElo "2146"]
[Result "1-0"]
[Round "8"]
[TimeControl "180+2"]
[Date "2023.06.20"]
[WhiteClock "0:00:09"]
[BlackClock "0:00:12"]
[Board "31"]

1. g4 c5 2. Bg2 Nc6 3. h4 e6 4. d3 d5 5. Nc3 a6 6. e4 d4 7. Nce2 b5 8. Ng3 Bb7 9. g5 Qc7 10. Bd2 Bd6 11. Qg4 Nge7 12. Nh5 Rg8 13. Ne2 O-O-O 14. f4 c4 15. a4 Bb4 16. axb5 axb5 17. Bxb4 Nxb4 18. Rc1 cxd3 19. cxd3 Nxd3+ 20. Kd2 Nxc1 21. Rxc1 Nc6 22. e5 Kb8 23. b4 Qb6 24. Bxc6 Bxc6 25. Qg1 Kb7 26. Rc5 Bf3 27. Nhg3 d3 28. Nc3 Bc6 29. Nge4 Rd7 30. Nd6+ Rxd6 31. exd6 Rd8 32. Qd4 f6 33. h5 Qa6 34. h6 e5 35. fxe5 fxe5 36. Rxe5 gxh6 37. Re7+ Rd7 38. Qg7 Kc8 39. Rxd7 Bxd7 40. Qf8+ Kb7 41. gxh6 Qc6 42. Qg7 Qxd6 43. Qxh7 Kc7 44. Nxb5+ 1-0


[Site "https://www.chess.com"]

[Event "Titled Tuesday Blitz June 20 Late 2023"]
[White "Taranenko, Evgueniy"]
[Black "Tristan, Leonardo"]
[WhiteFideId "14122138"]
[BlackFideId "113816"]
[WhiteElo "2101"]
[BlackElo "2461"]
[Result "0-1"]
[Round "8"]
[TimeControl "180+2"]
[Date "2023.06.20"]
[WhiteClock "0:00:13"]
[BlackClock "0:00:11"]
[Board "32"]

1. e4 d5 2. exd5 Qxd5 3. Nc3 Qa5 4. Nf3 Nf6 5. d3 c6 6. h3 Bf5 7. g4 Bg6 8. Bg2 Nbd7 9. O-O h6 10. Re1 e6 11. Bf4 Be7 12. Qd2 Qb6 13. Rab1 Nd5 14. Nxd5 cxd5 15. Ne5 Nxe5 16. Bxe5 O-O 17. c3 Bd6 18. Bxd6 Qxd6 19. Rbd1 Rac8 20. Qe3 Qc5 21. d4 Qb6 22. Rd2 a5 23. f4 Rfe8 24. Kh2 Qd6 25. Qg3 b5 26. Rde2 Red8 27. Re5 Bh7 28. f5 b4 29. cxb4 Qxb4 30. fxe6 fxe6 31. Rxe6 Qxd4 32. Qe5 Qxe5+ 33. R6xe5 d4 34. Rxa5 Rc2 35. Kg3 Rxb2 36. Rd5 Rxd5 37. Bxd5+ Kf8 38. Bb3 d3 39. Rd1 Ke7 40. h4 Kd6 41. Bc4 Rc2 42. Bb5 Kc5 43. a4 Kd4 44. Kf4 Rf2+ 45. Kg3 Rf8 46. g5 hxg5 47. hxg5 Be4 48. Kg4 Bf3+ 49. Kg3 Bxd1 0-1


[Site "https://www.chess.com"]

[Event "Titled Tuesday Blitz June 20 Late 2023"]
[White "Makhnev, Denis"]
[Black "Manukyan, Sargis A."]
[WhiteFideId "13707647"]
[BlackFideId "13303970"]
[WhiteElo "2515"]
[BlackElo "2187"]
[Result "1-0"]
[Round "8"]
[TimeControl "180+2"]
[Date "2023.06.20"]
[WhiteClock "0:01:48"]
[BlackClock "0:00:02"]
[Board "33"]

1. Nf3 d5 2. Nc3 e6 3. e4 dxe4 4. Nxe4 Nd7 5. d4 Ndf6 6. Bd3 Nxe4 7. Bxe4 Nf6 8. Bd3 Bd6 9. Qe2 h6 10. Bd2 Bd7 11. Ne5 Bxe5 12. dxe5 Nd5 13. O-O-O Qe7 14. Kb1 O-O-O 15. a3 Bc6 16. h4 a6 17. g3 Nb6 18. Rhe1 Rd5 19. Qg4 g6 20. h5 gxh5 21. Qxh5 Bb5 22. Be4 Rd7 23. Bc1 Bc6 24. Bxc6 bxc6 25. g4 Kb7 26. g5 Rd5 27. gxh6 Rb5 28. Qf3 Nc4 29. a4 Rb6 30. Ka2 Rxh6 31. b3 Rh4 32. Qc3 Qc5 33. f4 Rb4 34. Re4 Rh2 35. Rxc4 Rxc4 36. bxc4 Ka8 37. Rd8+ Kb7 38. Qb3+ Qb6 39. a5 Rxc2+ 40. Qxc2 Qxa5+ 41. Kb1 c5 42. Qb3+ Kc6 43. Qf3+ Kb6 44. Rb8+ Ka7 45. Ra8+ Kb6 46. Qb3+ Kc6 47. Rb8 f5 48. exf6 e5 49. f5 e4 50. f7 e3 51. Bxe3 Qe1+ 52. Bc1 Qe4+ 53. Qc2 Qxc4 54. f8=Q 1-0


[Site "https://www.chess.com"]

[Event "Titled Tuesday Blitz June 20 Late 2023"]
[White "Garcia Ramos, Daniel"]
[Black "Harsh Suresh"]
[WhiteFideId "32010311"]
[BlackFideId "45018464"]
[WhiteElo "2341"]
[BlackElo "2209"]
[Result "0-1"]
[Round "8"]
[TimeControl "180+2"]
[Date "2023.06.20"]
[WhiteClock "0:02:06"]
[BlackClock "0:02:06"]
[Board "34"]

1. e4 c5 2. Nf3 g6 3. d4 cxd4 4. Qxd4 Nf6 5. Nc3 Nc6 6. Qa4 d6 7. e5 dxe5 8. Nxe5 Bg7 9. Nxc6 bxc6 10. Be3 O-O 11. Rd1 Qc7 12. h3 Nd5 13. Nxd5 cxd5 14. c3 Rb8 15. Qa3 Rxb2 16. Bd4 Bxd4 17. Rxd4 Rb1+ 18. Kd2 Bf5 19. g4 Be4 20. Rg1 Qf4+ 0-1


[Site "https://www.chess.com"]

[Event "Titled Tuesday Blitz June 20 Late 2023"]
[White "Leitao, Rafael"]
[Black "Fishbein, Alexander"]
[WhiteFideId "2101246"]
[BlackFideId "2000377"]
[WhiteElo "2609"]
[BlackElo "2403"]
[Result "1-0"]
[Round "8"]
[TimeControl "180+2"]
[Date "2023.06.20"]
[WhiteClock "0:00:21"]
[BlackClock "0:00:08"]
[Board "35"]

1. c4 Nf6 2. Nc3 g6 3. g3 Bg7 4. Bg2 d6 5. d4 O-O 6. h3 Nc6 7. Nf3 e5 8. Be3 Re8 9. dxe5 dxe5 10. Qxd8 Rxd8 11. Rc1 Be6 12. b3 a5 13. Ng5 Bf5 14. g4 Bd7 15. Nd5 h6 16. Nxf6+ Bxf6 17. Ne4 Bg7 18. Nc5 Nd4 19. Bxd4 exd4 20. Nxb7 Re8 21. Nc5 d3 22. Bxa8 Rxe2+ 23. Kf1 Bd4 24. Nxd3 Rd2 25. Be4 f5 26. gxf5 gxf5 27. Bd5+ Kf8 28. Kg2 Rxd3 29. Rhd1 Rxd1 30. Rxd1 c5 31. Re1 a4 32. bxa4 Bxa4 33. Rb1 Ke7 34. Rb6 h5 35. Rh6 Bd1 36. Bf3 Bc2 37. Rxh5 Kf6 38. Rh7 Bd3 39. Bd5 Ke5 40. Rb7 Bc2 41. h4 Kf4 42. Ra7 Kg4 43. a4 Kxh4 44. a5 f4 45. a6 Bf5 46. Rf7 Bh3+ 47. Kf3 1-0


[Site "https://www.chess.com"]